 Dungeon Crawl Stone Soup version 0.28.0 (webtiles) character file.

Game seed: 6630178078337020835

632 mkm the Skirmisher (level 7, -1/66 HPs)
             Began as a Minotaur Berserker on Feb 9, 2022.
             Was a Believer of Trog.
             Slain by an adder (4 damage)
             ... in a sewer.
             The game lasted 00:07:54 (3602 turns).

mkm the Skirmisher (Minotaur Berserker)             Turns: 3602, Time: 00:07:54

Health: -1/66      AC:  6    Str: 24    XL:     7   Next: 24%
Magic:  6/6        EV:  9    Int:  4    God:    Trog [**....]
Gold:   156        SH:  0    Dex: 11    Spells: 6/6 levels left

rFire   . . .      SeeInvis .   a - +0 mace
rCold   . . .      Faith    .   (no shield)
rNeg    . . .      Spirit   .   q - +0 ring mail
rPois   .          Reflect  .   (helmet restricted)
rElec   .          Harm     .   (no cloak)
rCorr   .          Rampage  .   (no gloves)
Will    ++...                   (no boots)
Stlth   +.........              (no amulet)
HPRegen 1.21/turn               (no ring)
MPRegen 0.10/turn               (no ring)

@: lethally poisoned (-1 -> -2), strong-willed, regenerating, constricted
A: horns 2, retaliatory headbutt, strong 1, subdued magic 1, noise suppression
a: Renounce Religion, Berserk, Trog's Hand


You were in a sewer.
You worshipped Trog.
Trog was pleased with you.
You visited 1 branch of the dungeon, and saw 5 of its levels.
You also visited: Sewer.

You collected 156 gold pieces.

Inventory:

Hand Weapons
 a - a +0 mace (weapon)
 p - a +0 hand axe
Armour
 q - a +0 ring mail (worn)
Wands
 k - a wand of iceblast (2)
Scrolls
 c - 2 scrolls of fog {unknown}
 d - 2 scrolls of teleportation {unknown}
 e - a scroll of immolation {unknown}
 f - a scroll of enchant armour {unknown}
 l - a scroll of amnesia {unknown}
 m - a scroll of torment {unknown}
Potions
 g - a potion of heal wounds
 h - a potion of ambrosia {unknown}
 j - a potion of attraction {unknown}
 o - 2 potions of curing {unknown}


   Skills:
 + Level 7.0 Fighting
 + Level 4.0(4.6) Axes
 - Level 3.6(4.5) Maces & Flails
 + Level 4.4 Armour
 + Level 4.6 Dodging


You had 6 spell levels left.
You didn't know any spells.
Your spell library was empty.

Dungeon Overview and Level Annotations

Branches:
Dungeon (5/15)              Sewer (1/1)
 Temple: D:4-7

Altars:
Kikubaaqudgha
Makhleb
Nemelex Xobeh
Trog


Innate Abilities, Weirdness & Mutations

You have a pair of horns on your head.
You reflexively headbutt those who attack you in melee.
Your muscles are strong. (Str +2)
Your spells are a little easier to cast, but a little less powerful.
You passively dampen the noise of your surroundings.


Message History

The ball python constricts you. The adder bites you but does no damage.
The adder bites you.
You are more poisoned.
The adder poisons you!
You closely miss the adder. Your headbutt misses the adder.
The adder is severely wounded.
You feel very sick.
The ball python bites you but does no damage.
The ball python constricts you. The adder bites you.
* * * LOW HITPOINT WARNING * * *
The adder bites you.
* * * LOW HITPOINT WARNING * * *
You are more poisoned.
The adder poisons you! The ball python bites you.
* * * LOW HITPOINT WARNING * * *
The ball python constricts you. The adder bites you but does no damage.
You hit the adder.
You kill the adder!
Trog accepts your kill.
You feel very sick. The adder bites you but does no damage.
The ball python closely misses you. The ball python constricts you.
The adder bites you but does no damage.
Your Fighting skill increases to level 7!
Your Axes skill increases to level 4!
You thump the adder! Your headbutt misses the adder.
The adder is almost dead.
You recover from your berserk rage.
You feel very sick. The ball python barely misses you.
The ball python constricts you. The adder bites you.
* * * LOW HITPOINT WARNING * * *
The ball python bites you.
* * * LOW HITPOINT WARNING * * *
The ball python constricts you.
* * * LOW HITPOINT WARNING * * *
Okay, then.
You closely miss the adder.
The adder is almost dead.
You feel sick. The adder bites you.
You die...

≈# ≈≈ ≈# ##≈##
##≈≈.##
.≈####...≈≈####
.≈≈≈≈≈≈.∩≈≈≈≈≈≈
#†@S..# ##.S.##
##≈## ≈# ≈# ≈#
.≈ ..


You could see an adder and a ball python.

Vanquished Creatures
  2 ogres
  A necrophage (D:5)
  A scorpion (D:5)
  A jelly (D:4)
  A hound (D:3)
  An orc priest (D:4)
  An iguana (D:4)
  An orc wizard (D:4)
  A hound skeleton (D:4)
  7 adders
  A gnoll (D:4)
  An ufetubus (D:4)
  An adder skeleton (D:4)
  2 worms
  A dart slug (D:4)
  9 orcs (D:4)
  7 endoplasms
  3 giant cockroaches
  8 goblins
  5 hobgoblins
  4 kobolds
  3 quokkas
  3 ball pythons
  4 bats
  2 frilled lizards (D:1)
  3 rats
74 creatures vanquished.

Notes
Turn   | Place    | Note
-------+----------+-------------------------------------------
     0 | D:1      | mkm the Minotaur Berserker began the quest for the Orb.
     0 | D:1      | Reached XP level 1. HP: 19/19 MP: 0/0
   119 | D:1      | Reached skill level 4 in Fighting
   130 | D:1      | Reached XP level 2. HP: 27/27 MP: 1/1
   932 | D:2      | Found a sparkling altar of Nemelex Xobeh.
  1045 | D:2      | Reached XP level 3. HP: 21/34 MP: 2/2
  1197 | D:2      | You fall into a shaft and drop 2 floors!
  1458 | D:3      | Reached skill level 5 in Fighting
  1497 | D:3      | Reached XP level 4. HP: 41/42 MP: 3/3
  1552 | D:3      | Reached ** piety under Trog
  1596 | D:3      | Found a faded altar of an unknown god.
  1854 | D:3      | Found a burning altar of Makhleb.
  1854 | D:3      | Found an ancient bone altar of Kikubaaqudgha.
  2359 | D:4      | Reached XP level 5. HP: 41/50 MP: 4/4
  2656 | D:4      | Reached skill level 6 in Fighting
  2799 | D:4      | Noticed an ogre
  2810 | D:4      | Killed an ogre
  2811 | D:4      | Reached skill level 1 in Axes
  2811 | D:4      | Reached XP level 6. HP: 45/58 MP: 5/5
  3390 | D:4      | Found a bloodstained altar of Trog.
  3487 | D:4      | Gained mutation: Your spells are a little easier to cast,
                  | but a little less powerful. [potion of mutation]
  3489 | D:4      | Lost mutation: Your spells are a little easier to cast, but
                  | a little less powerful. [potion of mutation]
  3489 | D:4      | Gained mutation: Your spells are a little easier to cast,
                  | but a little less powerful. [potion of mutation]
  3489 | D:4      | Gained mutation: You passively dampen the noise of your
                  | surroundings. [potion of mutation]
  3489 | D:4      | Gained mutation: Your muscles are strong. (Str +2) [potion
                  | of mutation]
  3499 | D:5      | Entered Level 5 of the Dungeon
  3539 | D:5      | Identified the +0 leather armour of Lutt {rF- rC++ Dex+3
                  | Stlth+}
  3549 | D:5      | Reached XP level 7. HP: 64/64 MP: 6/6
  3565 | D:5      | Found a glowing drain.
  3584 | Sewer    | Entered a sewer
  3601 | Sewer    | Reached skill level 7 in Fighting
  3602 | Sewer    | HP: 3/66 [poisoned by an adder]
  3602 | Sewer    | Slain by an adder

Illustrated notes

Levels and vault maps discovered:
D:1:      erik_arrival_cave_to_civilisation [erik_arrival_cave_to_hall],
          layout_rooms
D:2:      layout_basic, basic_altar
D:3:      layout_basic, chequers_temple_overflow_statue_of_worship,
          hellmonk_ecumenical_altar_lost_god, minmay_misc_feat_five,
          grunt_ministairs_4
D:4:      layout_loops_ring, trog_antimagical
D:5:      layout_gridville, mainiacjoe_overflow_paths,
          mainiacjoe_overflow_brackets, cheibrodos_sewer_entry_sluice,
          uniq_blork_the_orc
Sewer:    sewer_co_15_rooms

Skill      XL: |  1  2  3  4  5  6  7 |
---------------+----------------------+-----
Fighting       | 4 5 6 7 |  7.0
Armour         | 3 4 |  4.4
Dodging        | 3 4 |  4.6
Axes           | 1 3 4 |  4.0
Maces & Flails | |  3.6

Action                   |  1- 3 |  4- 6 |  7- 9 || total
-------------------------+-------+-------+-------++-------
Melee: Mace              |    57 |    29 |    22 ||   108
       Headbutt          |     9 |    15 |     2 ||    26
       Punch             |     1 |       |       ||     1
       Hand axe          |       |    72 |       ||    72
Invok: Berserk           |       |     4 |       ||     4
       Trog's Hand       |       |       |     2 ||     2
  Use: Scroll            |       |     2 |       ||     2
       Potion            |       |     2 |       ||     2
Armor: Animal skin       |     8 |       |       ||     8
       Leather armour    |     8 |    10 |       ||    18
       Ring mail         |       |     4 |    24 ||    28
Dodge: Dodged            |    31 |    69 |    28 ||   128
